Map: Jagannatha LE

Players

Reynor

  • Race: Zerg Zerg

DPGrogue (Rogue) - Winner!

  • Race: Zerg Zerg

Event: DreamHack SC2 Masters 2021 Summer

VOD

Have the link to the VOD?

Description

Time

  • Played on: July 4, 2021, 10:43 a.m.
  • Length: 11:39

All games in this series

Show
View Real Time Build Order
Export as new Build Order

Reynor Zerg 

Build Orders: Pool First 

Get SALT Encoding   

  12  0:17  Spawning Pool  
  11  0:22  Drone  
  11  0:26  Drone  
  13  0:31  Drone  
  14  0:39  Overlord  
  14  1:03  Zergling x2  
  14  1:04  Zergling x2  
  16  1:05  Zergling x2  
  17  1:16  Zergling x2  
  18  1:19  Hatchery  
  17  1:28  Zergling x2  
  18  1:35  Queen  
  18  1:38  Zergling x2  
  21  1:48  Overlord  
  21  1:59  Drone  
  22  2:10  Drone, Queen  
  25  2:20  Drone  
  24  2:32  Drone  
  24  2:33  Drone  
  24  2:34  Queen  
  25  2:42  Drone x2  
  27  2:46  Overlord  
  27  2:47  Drone  
  28  2:51  Drone  
  28  2:55  Extractor, Zergling x2  
  28  2:58  Drone  
  29  3:03  Drone  
  30  3:06  Drone  
  31  3:14  Drone  
  31  3:17  Overlord  
  32  3:20  Drone x3  
  32  3:25  Drone  
  37  3:27  Drone  
  37  3:34  Drone x3  
  40  3:43  Drone x2  
  42  3:55  Metabolic Boost  
  42  3:59  Drone x3  
  45  4:03  Overlord  
  45  4:07  Drone  
  45  4:08  Drone x2  
  48  4:15  Hatchery  
  47  4:21  Baneling Nest  
  46  4:24  Zergling x10  
  46  4:25  Evolution Chamber  
  46  4:29  Zergling x4  
  46  4:30  Zergling x2  
  46  4:31  Drone  
  54  4:34  Extractor  
  54  4:35  Overlord  
  54  4:38  Drone  
  54  4:42  Zergling x2  
  54  4:43  Zergling x2  
  56  4:51  Drone x3  
  56  4:52  Overlord  
  59  4:53  Drone  
  59  4:55  Zerg Missile Weapons Level 1  
  59  4:56  Drone  
  59  4:59  Zergling x2  
  63  5:00  Zergling x2  
  63  5:04  Overlord  
  63  5:05  Drone  
  63  5:06  Baneling x2  
  64  5:14  Drone, Roach Warren  
  64  5:17  Drone  
  64  5:20  Overlord  
  65  5:24  Lair  
  66  5:28  Drone x4  
  66  5:30  Drone  
  66  5:32  Drone  
  66  5:33  Extractor  
  69  5:41  Drone x4  
  69  5:42  Drone  
  74  5:46  Extractor  
  74  5:49  Overlord  
  73  5:54  Roach x4  
  73  5:55  Roach  
  83  6:02  Roach  
  83  6:03  Roach x2  
  83  6:04  Roach  
  91  6:06  Roach  
  91  6:07  Roach  
  95  6:17  Roach x3  
  101  6:19  Overlord  
  101  6:25  Roach x2  
  105  6:27  Overlord  
  105  6:31  Glial Reconstitution  
  105  6:33  Drone  
  105  6:35  Overlord  
  105  6:39  Roach x3  
  110  6:40  Drone x2  
  110  6:41  Drone x2  
  110  6:44  Extractor  
  110  6:46  Overlord  
  113  6:50  Roach x4  
  113  6:52  Overseer  
  113  6:53  Drone x2  
  123  6:54  Overlord  
  123  6:58  Overlord  
  122  7:03  Roach x4  
  130  7:08  Overlord  
  130  7:18  Roach x2  
  130  7:20  Drone x3  
  130  7:21  Drone  
  130  7:22  Extractor  
  137  7:24  Drone  
  138  7:32  Pneumatized Carapace  
  138  7:33  Roach x2  
  138  7:35  Zerg Missile Weapons Level 2  
  142  7:37  Hatchery  
  142  7:39  Roach x3  
  147  7:50  Roach x7  
  161  7:57  Overlord x2  
  161  8:09  Overlord  
  161  8:17  Roach x3  
  161  8:18  Roach x5  
  177  8:20  Overlord  
  177  8:21  Overlord  
  177  8:22  Ravager  
  177  8:29  Drone  
  177  8:30  Overlord  
  177  8:31  Roach x4  
  185  8:36  Overlord  
  185  8:40  Ravager x2  
  187  8:45  Roach x4  
  187  8:46  Roach x3  
  184  8:56  Roach x5  
  184  8:58  Roach x2  
  184  8:59  Roach x2  
  173  9:03  Roach x2  
  173  9:07  Roach  
  150  9:10  Roach  
  150  9:14  Roach  
  127  9:22  Roach x5  
  127  9:23  Roach  
  123  9:25  Roach  
  123  9:26  Queen  
  123  9:30  Roach  
  123  9:33  Roach x2  
  123  9:35  Roach  
  123  9:36  Roach x4  
  121  9:39  Roach x2  
  121  9:42  Roach  
  121  9:44  Roach  
  121  9:45  Roach  
  125  9:47  Roach  
  125  9:48  Overlord  
  125  9:51  Roach x3  
  121  9:54  Roach  
  121  9:58  Roach x2  
  115  10:04  Roach x2  
  103  10:08  Roach x2  
  103  10:12  Roach x2  
  99  10:15  Drone x3  
  99  10:19  Roach x2  
  96  10:22  Roach  
  96  10:26  Roach  
  98  10:32  Roach x3  
  98  10:33  Ravager x2  
  98  10:35  Ravager  
  107  10:37  Ravager x2  
  107  10:38  Roach x2  
  107  10:42  Roach x2  
  117  10:46  Roach  
  117  10:48  Ravager  
  120  10:50  Roach  
  120  10:51  Roach  
  124  10:58  Roach x4  
  124  11:01  Roach x2  
  124  11:04  Ravager  
  137  11:05  Roach  
  139  11:11  Roach x2  
  139  11:17  Roach  
Show
View Real Time Build Order
Export as new Build Order

DPGrogue Zerg - Winner!

Build Orders: Hatch First 

Get SALT Encoding   

  12  0:00  Drone  
  13  0:13  Overlord  
  13  0:17  Drone  
  14  0:31  Drone  
  14  0:32  Drone  
  16  0:49  Hatchery  
  15  0:51  Drone  
  15  0:55  Drone  
  17  0:58  Drone  
  18  1:08  Extractor  
  17  1:13  Spawning Pool  
  17  1:16  Drone  
  17  1:20  Drone  
  18  1:30  Drone  
  19  2:00  Zergling x2  
  19  2:01  Queen x2, Zergling x6  
  27  2:12  Zergling x2  
  28  2:28  Overlord  
  28  2:35  Drone  
  25  2:39  Drone  
  26  2:46  Drone x2  
  26  2:49  Drone  
  29  2:51  Drone  
  29  2:55  Drone  
  29  2:57  Drone  
  32  3:05  Overlord  
  32  3:07  Drone  
  33  3:15  Drone x2  
  33  3:16  Drone  
  35  3:23  Drone  
  35  3:24  Drone x3  
  35  3:25  Drone  
  40  3:32  Drone  
  40  3:34  Evolution Chamber  
  40  3:39  Drone  
  40  3:43  Drone x3  
  40  3:45  Overlord  
  43  3:50  Extractor  
  43  3:52  Hatchery  
  40  3:59  Lair  
  40  4:03  Drone x3  
  43  4:11  Overlord  
  43  4:12  Roach Warren  
  42  4:23  Zerg Missile Weapons Level 1, Queen  
  42  4:24  Extractor  
  43  4:25  Overlord  
  43  4:27  Drone  
  43  4:29  Drone  
  45  4:31  Drone x2  
  45  4:38  Overlord  
  47  4:51  Roach  
  47  4:52  Roach x3  
  57  4:53  Roach x3  
  57  4:56  Roach  
  57  4:58  Overlord  
  63  5:04  Overlord  
  63  5:07  Glial Reconstitution  
  63  5:12  Roach  
  65  5:17  Roach x2  
  65  5:18  Overlord  
  71  5:21  Roach  
  71  5:25  Roach  
  73  5:28  Evolution Chamber  
  73  5:29  Roach  
  74  5:36  Roach x3  
  74  5:38  Drone  
  74  5:40  Drone x3  
  74  5:42  Overseer  
  84  5:46  Drone x2  
  84  5:47  Drone  
  87  5:50  Drone x2  
  87  5:56  Overlord  
  89  5:57  Overseer  
  89  5:59  Drone x2  
  89  6:01  Extractor  
  90  6:04  Overlord  
  90  6:08  Drone  
  90  6:09  Drone x2  
  90  6:10  Drone  
  94  6:12  Overlord  
  94  6:18  Zerg Ground Armor Level 1  
  94  6:20  Overlord  
  94  6:28  Extractor  
  94  6:29  Roach  
  94  6:30  Roach x4  
  103  6:34  Drone x2  
  103  6:37  Zerg Missile Weapons Level 2  
  105  6:41  Overlord  
  105  6:42  Drone x3  
  108  6:50  Roach x4  
  116  6:56  Roach  
  116  6:57  Roach x2  
  116  6:59  Overlord  
  122  7:04  Roach  
  122  7:05  Roach x2  
  122  7:06  Roach  
  122  7:08  Roach  
  132  7:15  Overlord  
  132  7:17  Roach x2  
  132  7:21  Roach  
  132  7:22  Roach x2  
  142  7:23  Roach  
  142  7:25  Overlord  
  142  7:28  Roach  
  146  7:32  Overlord x2  
  146  7:35  Roach  
  146  7:37  Roach  
  150  7:39  Roach  
  152  7:46  Overlord  
  152  7:47  Roach x3  
  152  7:50  Ravager x3  
  152  7:51  Ravager  
  162  7:53  Roach  
  162  7:54  Roach  
  162  7:55  Roach  
  162  7:57  Roach  
  162  7:58  Roach  
  172  8:00  Roach  
  172  8:02  Roach  
  172  8:03  Roach  
  178  8:06  Roach  
  178  8:07  Roach  
  178  8:12  Roach x2  
  186  8:17  Overlord x2  
  186  8:37  Roach x7  
  191  8:50  Hatchery  
  191  8:51  Roach x5  
  191  8:54  Roach x2  
  198  8:57  Roach x4  
  198  9:00  Roach x2  
  176  9:04  Roach x2  
  176  9:07  Roach x2  
  154  9:11  Roach x2  
  154  9:13  Roach  
  154  9:16  Roach  
  147  9:19  Roach  
  147  9:23  Roach  
  137  9:31  Roach x2  
  137  9:35  Roach x2  
  137  9:36  Hatchery, Roach  
  132  9:39  Ravager  
  132  9:41  Roach x2  
  132  9:42  Roach  
  132  9:45  Roach  
  135  9:47  Roach  
  135  9:50  Roach  
  135  9:51  Roach  
  137  9:53  Roach  
  137  9:54  Roach  
  137  9:55  Roach  
  137  9:58  Roach  
  137  10:00  Roach  
  137  10:02  Roach  
  137  10:03  Roach  
  137  10:06  Roach  
  134  10:09  Roach x2  
  134  10:12  Roach  
  134  10:13  Roach  
  128  10:15  Roach  
  128  10:17  Roach  
  128  10:19  Roach  
  124  10:23  Roach x2  
  124  10:27  Roach  
  124  10:28  Roach x2  
  128  10:35  Ravager x4  
  130  10:36  Roach x2  
  130  10:39  Roach  
  136  10:44  Roach x3  
  136  10:45  Roach  
  136  10:48  Roach  
  146  10:51  Roach x2  
  146  10:55  Roach x2  
  154  11:00  Roach x2  
  154  11:01  Roach  
  162  11:04  Roach x2  
  162  11:08  Roach  
  166  11:12  Roach x3  
  166  11:14  Roach  
  166  11:16  Roach  
Tags
 
Add a new tag
Caveats
  • Supply blocks, unpowered buildings, or Contaminate may cause inaccurate times.
  • Supply counts are checked every 10 seconds.